 Dungeon Crawl Stone Soup version 0.27.1-3-gb3d3a73c9e (webtiles) character file.

Game seed: 3088372759919548545

53 dredge the Slasher (level 4, -6/35 HPs)
             Began as a Human Berserker on Oct 30, 2021.
             Was a Believer of Trog.
             Mangled by a gnoll (13 damage)
             ... on level 2 of the Dungeon.
             The game lasted 00:03:43 (1877 turns).

dredge the Slasher (Human Berserker)                Turns: 1877, Time: 00:03:43

Health: -6/35      AC:  2    Str: 18    XL:     4   Next: 10%
Magic:  4/4        EV: 12    Int:  7    God:    Trog [**....]
Gold:   38         SH:  0    Dex: 13    Spells: 3/3 levels left

rFire    . . .     SeeInvis .   a - +0 falchion
rCold    . . .     Faith    .   (no shield)
rNeg     . . .     Spirit   .   b - +0 animal skin
rPois    .         Reflect  .   (no helmet)
rElec    .         Harm     .   (no cloak)
rCorr    .         Rampage  .   (no gloves)
Will     ++...                  (no boots)
Stlth    +.........             (no amulet)
HPRegen  1.11/turn              (no ring)
MPRegen  0.09/turn              (no ring)

@: strong-willed, regenerating
A: no striking features
a: Renounce Religion, Berserk, Trog's Hand


You were on level 2 of the Dungeon.
You worshipped Trog.
Trog was pleased with you.
You visited 1 branch of the dungeon, and saw 2 of its levels.

You collected 38 gold pieces.

Inventory:

Hand Weapons
 a - a +0 falchion (weapon)
Missiles
 k - 3 curare-tipped darts (quivered)
Armour
 b - a +0 animal skin (worn)
Jewellery
 g - a +6 ring of dexterity
Scrolls
 c - a scroll of identify {unknown}
 e - a scroll of enchant armour {unknown}
 j - a scroll of fog {unknown}
Potions
 d - 2 potions of lignification {unknown}
 f - a potion of degeneration {unknown}
 h - a potion of attraction {unknown}
 i - 3 potions of curing {unknown}


   Skills:
 + Level 3.4 Fighting
 + Level 3.8 Long Blades
 + Level 2.1 Armour
 + Level 2.4 Dodging
 + Level 0.3 Stealth


You had 3 spell levels left.
You didn't know any spells.
Your spell library was empty.

Dungeon Overview and Level Annotations

Branches:
Dungeon (2/15)

Altars:

Shops:
D:1 [!


Message History

A dart slug comes into view.
The dart slug launches a dart at you. The slug dart hits you.
The dart slug launches a dart at you. The slug dart hits you.
You hit the dart slug.
The dart slug is moderately wounded.
You hit the dart slug but do no damage.
The dart slug is moderately wounded.
The dart slug closely misses you.
You riposte.
You hit the dart slug.
The dart slug is almost dead.
You hit the dart slug.
You kill the dart slug!
Trog accepts your kill.
No target in view! 3 gnolls come into view.
The gnoll shouts! x2; You hear a shout! x2; You hear an angry hiss.
You hit the gnoll.
The gnoll is lightly wounded.
The gnoll hits you with a +0 flail.
A gnoll comes into view. It is wielding a +0 halberd.
You slash the gnoll!
The gnoll is severely wounded.
The gnoll closely misses you.
You hit the gnoll but do no damage.
The gnoll is severely wounded.
A goblin comes into view. It is wielding a +0 club.
The gnoll hits you with a +0 flail!
You hit the gnoll but do no damage. The gnoll misses you.
You hit the gnoll.
The gnoll is lightly wounded.
The gnoll hits you with a +0 flail!
* * * LOW HITPOINT WARNING * * *
You hit the gnoll.
The gnoll is moderately wounded.
The gnoll closely misses you.
Your skin crawls.
You feel strong-willed. The gnoll hits you with a +0 flail!
You die...

#.# # #.###.### .. ##.
#........ ..
#..####.###.### .#
##...PP...##.# #.###
#..P♣≈≈≈..P#.# ....
.♣.≈≈≈♣≈..PP.# ..#
...≈≈≈≈≈≈...♣######g.#
♣..P≈♣≈)≈≈♣.....@gggg#
#....≈.♣≈....♣######.#
#..P..P≈≈....P# #
#.##P..P(.♣##### #
#####.........
#.######## #.# #.# #.#


You could see 4 gnolls and a goblin.

Vanquished Creatures
  An adder (D:2)
  2 dart slugs
  A ball python (D:1)
  2 bats (D:1)
  3 endoplasms (D:1)
  2 giant cockroaches (D:1)
  7 goblins
  4 hobgoblins (D:1)
  4 quokkas (D:1)
  4 frilled lizards (D:1)
  3 kobolds
  2 rats (D:1)
35 creatures vanquished.

Notes
Turn   | Place    | Note
-------+----------+-------------------------------------------
     0 | D:1      | dredge the Human Berserker began the quest for the Orb.
     0 | D:1      | Reached XP level 1. HP: 18/18 MP: 1/1
    32 | D:1      | Found Timoymiw's Antique Armour Emporium.
    82 | D:1      | Reached XP level 2. HP: 5/24 MP: 2/2
   669 | D:1      | Found Gopp's Distillery.
  1041 | D:1      | Reached XP level 3. HP: 26/29 MP: 3/3
  1491 | D:1      | Reached ** piety under Trog
  1763 | D:2      | Reached XP level 4. HP: 35/35 MP: 4/4
  1877 | D:2      | Mangled by a gnoll

Illustrated notes

Levels and vault maps discovered:
D:1:      sevenhm_arrival_forest_fort_small_4, layout_basic, serial_shops, shop,
          nicolae_shop_crystal
D:2:      layout_loops_ring, basic_altar,
          shapermc_ecumenical_altar_mp_highgroup, serial_bayou_pond_a,
          nicolae_underground_beach, uniq_crazy_yiuf_cottage

Action                   |  1- 3 |  4- 6 || total
-------------------------+-------+-------++-------
Melee: Falchion          |    99 |    15 ||   114
Invok: Trog's Hand       |       |     1 ||     1
 Stab: Sleeping          |     2 |       ||     2
       Distracted        |     1 |       ||     1
Armor: Animal skin       |    16 |     2 ||    18
Dodge: Dodged            |    68 |     6 ||    74
       Rpst.: Falchion   |    30 |     1 ||    31
